 Dungeon Crawl Stone Soup version 0.30-a0-782-ge64f9170bb (webtiles) character file.

Game seed: 2708071446297873996

445 Conn the Firebug (level 7, -2/42 HPs)
             Began as an Octopode Fire Elementalist on Feb 18, 2023.
             Slain by a scorpion (3 damage)
             ... in an ossuary.
             The game lasted 00:12:50 (3064 turns).

Conn the Firebug (Octopode Fire Elementalist)       Turns: 3064, Time: 00:12:50

Health: -2/42      AC:  1    Str:  6 (7)  XL:     7   Next: 3%
Magic:  0/13       EV: 13    Int: 18 (20) God:
Gold:   160        SH:  0    Dex: 11 (12) Spells: 4/14 levels left

rFire   . . .      SeeInvis .    j - +0 dagger (speed)
rCold   + . .      Faith    .    (no shield)
rNeg    . . .      Spirit   +    (helmet restricted)
rPois   .          Reflect  .    o - amulet of guardian spirit
rElec   .          Harm     .    d - ring of protection from cold
rCorr   .          Rampage  .    (no ring)
Will    .....      Rnd*Tele +    (no ring)
Stlth   ++                       (no ring)
HPRegen 0.27/turn                (no ring)
MPRegen 0.13/turn                (no ring)
                                 (no ring)
                                 (no ring)

@: brilliant, lethally poisoned (-2 -> -16), silenced, flying
A: almost no armour, amphibious, 8 rings, camouflage 1, gelatinous body 1,
(nimble swimmer 1), tentacles, sense surroundings 1, teleportitis 1, evolution
1, subdued magic 1
a: no special abilities


You were in an ossuary.
You visited 1 branch of the dungeon, and saw 5 of its levels.
You also visited: Ossuary.

You collected 160 gold pieces.

Inventory:

Hand Weapons
 c - a +0 short sword
 j - a +0 dagger of speed (weapon)
Magical Staves
 k - a staff of air
Jewellery
 d - a ring of protection from cold (left tentacle)
 o - an amulet of guardian spirit (around mantle)
Scrolls
 b - a scroll of fog {unknown}
 e - a scroll of fear {unknown}
 f - 4 scrolls of teleportation {unknown}
 g - 2 scrolls of noise {unknown}
 h - 2 scrolls of silence
 m - 2 scrolls of magic mapping {unknown}
 n - a scroll of identify {unknown}
Potions
 a - a potion of magic
 i - a potion of mutation
 p - a potion of flight


   Skills:
 + Level 0.8 Fighting
 + Level 2.9 Dodging
 + Level 4.4 Stealth
 + Level 4.0 Spellcasting
 + Level 2.8 Conjurations
 + Level 4.7 Fire Magic


You had 4 spell levels left.
You knew the following spells:

 Your Spells              Type           Power      Damage    Failure   Level
a - Foxfire               Conj/Fire      76%        2x1d7     2%          1
c - Inner Flame           Hex/Fire       14%        N/A       14%         3
d - Flame Wave            Conj/Fire      19%        2d7       26%         4
e - Scorch                Fire           46%        2d7       2%          2

Your spell library contained the following spells:

 Spells                   Type           Power      Damage    Failure   Level
 Necrotise                Necr           16%        1d4       12%         1
 Kindle Blastsparks       Fire/Tloc/Air  20%        2d11      19%         3
 Vampiric Draining        Necr           4%         2d6       36%         3
 Agony                    Necr           4%         N/A       98%         5


Dungeon Overview and Level Annotations

Branches:
Dungeon (5/15)             Temple (0/1) D:4         Ossuary (1/1)

Altars:
Fedhas
Gozag
Yredelemnul

Shops:
D:5 [


Innate Abilities, Weirdness & Mutations

You cannot wear most types of armour.
You are amphibious.
You can wear up to eight rings at the same time.
Your skin changes colour to match your surroundings (Stealth+).
Your rubbery body absorbs attacks. (AC +1, EV +1)
((You are camouflaged when in or above water. (Stealth+)))
You have tentacles for arms and can constrict up to eight enemies at once.
You passively map a small area around you.
You are occasionally teleported next to monsters.
You have hidden genetic potential.
Your spells are a little easier to cast, but a little less powerful.


Message History

The scorpion stings you.
* * * LOW HITPOINT WARNING * * *
The scorpion zombie barely misses you.
Okay, then.
Okay, then.
You hit the scorpion. You grab the scorpion.
The scorpion is lightly wounded.
You constrict the scorpion. The scorpion stings you.
* * * LOW HITPOINT WARNING * * *
The scorpion zombie hits you but does no damage.
You hit the scorpion but do no damage. Your grab misses the scorpion.
Your squeeze misses the scorpion. You constrict the scorpion.
The scorpion closely misses you.
You closely miss the scorpion. Your grab misses the scorpion.
You squeeze the scorpion!
The scorpion is heavily wounded.
You constrict the scorpion, but do no damage.
The scorpion zombie hits you.
* * * LOW HITPOINT WARNING * * *
You hit the scorpion but do no damage. Your grab misses the scorpion.
The scorpion is heavily wounded.
You constrict the scorpion. The scorpion stings you.
* * * LOW HITPOINT WARNING * * *
You are lethally poisoned!
The scorpion poisons you! The scorpion barely misses you.
The scorpion zombie barely misses you.
Okay, then.
You aren't carrying any items that you can evoke.
Unknown command.
Unknown command.
Unknown command.
Unknown command.
You hit the scorpion but do no damage. Your grab misses the scorpion.
The scorpion is heavily wounded.
You constrict the scorpion.
* * * LOW HITPOINT WARNING * * *
You feel sick. The scorpion stings you.
You are more poisoned.
The scorpion poisons you! The scorpion stings you.
You die...

#...........# ,
#...........#*+
#.....8.....#, ,
, #.....#.....#
#.....#.....# * ,
##+#######Z######
* #!!?#.ZZ#..Z#..
, ,
+..!#.ssZ...8.. ,
,#??M#.Z@#......
#############
8...8
#...#...#...#
,....,
#.∩.'...8...#,
8.. *
#...#.......# *Z.
##'###8...8## *#
#...#.......#
#.∩.#...8...+ + *
#...#...#...# * ,
, *


You could see a mummy, 2 scorpions, 4 scorpion zombies, a kobold zombie and a
human zombie.

Vanquished Creatures
  An ice beast (D:3)
  A vampire bat (D:4)
  2 howler monkeys
  2 hounds
  2 orc wizards
  A scorpion zombie (Ossuary)
  A gnoll (D:1)
  An adder (D:4)
  An ufetubus (D:5)
  2 worms (D:2)
  7 orcs
  5 ball pythons
  7 endoplasms
  A giant cockroach (D:2)
  8 hobgoblins
  3 jackals (D:2)
  2 quokkas (D:3)
  7 bats
  A frilled lizard (D:2)
  4 goblins
  9 kobolds
  5 rats
73 creatures vanquished.

Vanquished Creatures (others)
  221 foxfires
221 creatures vanquished.

Grand Total: 294 creatures vanquished

Notes
Turn   | Place    | Note
-------+----------+-------------------------------------------
     0 | D:1      | Conn the Octopode Fire Elementalist began the quest for the
                  | Orb.
     0 | D:1      | Reached XP level 1. HP: 11/11 MP: 3/3
   158 | D:1      | Reached XP level 2. HP: 17/17 MP: 1/5
   566 | D:1      | Reached XP level 3. HP: 21/21 MP: 2/6
  1486 | D:2      | Reached XP level 4. HP: 27/27 MP: 0/7
  1867 | D:3      | Noticed an ice beast
  1872 | D:3      | Learned a level 2 spell: Scorch
  1876 | D:3      | Learned a level 3 spell: Inner Flame
  1888 | D:3      | Killed an ice beast
  1889 | D:3      | Reached XP level 5. HP: 20/32 MP: 6/9
  2012 | D:3      | Gained mutation: Your spells are a little easier to cast,
                  | but a little less powerful. [potion of mutation]
  2012 | D:3      | Gained mutation: You are occasionally teleported next to
                  | monsters. [potion of mutation]
  2012 | D:3      | Gained mutation: You have hidden genetic potential. [potion
                  | of mutation]
  2442 | D:4      | Learned a level 4 spell: Flame Wave
  2446 | D:4      | Found a staircase to the Ecumenical Temple.
  2581 | D:4      | Reached XP level 6. HP: 34/37 MP: 8/11
  2623 | D:4      | Gained mutation: You passively map a small area around you.
                  | [hidden potential]
  2778 | D:4      | You fall into a shaft and drop 1 floor!
  2778 | D:5      | Entered Level 5 of the Dungeon
  2847 | D:5      | Found Ifubb's Antique Armour Emporium.
  2911 | D:5      | Found a basalt altar of Yredelemnul.
  2912 | D:5      | Found a blossoming altar of Fedhas.
  2915 | D:5      | Found an opulent altar of Gozag.
  2981 | D:5      | Found a sand-covered staircase.
  2987 | Ossuary  | Entered an ossuary
  3035 | Ossuary  | Reached XP level 7. HP: 42/42 MP: 5/13
  3063 | Ossuary  | HP: 2/42 [scorpion (3)]
  3064 | Ossuary  | Slain by a scorpion

Illustrated notes

Levels and vault maps discovered:
D:1:      roderic_dead_forest, layout_basic
D:2:      layout_basic, minmay_pentomino_x4
D:3:      layout_basic, grunt_ministairs_5, reono_crystal_passage
D:4:      layout_basic, minmay_temple_entry_junction, nrook_mini_vaults,
          roderic_batcave
D:5:      layout_loops_cross, minitemple, serial_shops, shop,
          nicolae_ossuary_entry_plus
Ossuary:  ossuary_minmay_scorpions

Skill      XL: |  1  2  3  4  5  6 |
---------------+-------------------+-----
Stealth        | 3 4 |  4.4
Spellcasting   | 3 4 |  4.0
Conjurations   | 2 |  2.8
Fire Magic     | 4 |  4.7
Fighting       | |  0.8
Dodging        | |  2.9

Action                     |  1- 3 |  4- 6 |  7- 9 || total
---------------------------+-------+-------+-------++-------
  Melee: Short sword       |    14 |       |       ||    14
         Constrict         |     7 |     5 |     2 ||    14
         Tentacles         |     6 |     9 |     1 ||    16
         Dagger            |     6 |    42 |     6 ||    54
   Cast: Foxfire           |    65 |    60 |       ||   125
         Scorch            |       |     4 |     1 ||     5
    Use: Potion            |       |     3 |     4 ||     7
         Scroll            |       |       |     1 ||     1
   Stab: Sleeping          |     1 |     4 |     1 ||     6
 Armour: Skin              |     2 |     2 |     2 ||     6
  Dodge: Dodged            |    26 |    29 |    15 ||    70

Table legend: (Time is in decaauts)
 A = Elapsed time spent in this place.
 B = Non-inter-level travel time spent in this place.
 C = Inter-level travel time spent in this place.
 D = Time resting spent in this place.
 E = Time spent auto-exploring this place.
 F = Levels seen in this place.
 G = Mean time per level.
                   A        B        C        D        E       F      G
               +--------+--------+--------+--------+--------+-----+--------+
         Total |   3041 |   2970 |     71 |      0 |   1981 |   6 |  506.8 |
       Dungeon |   2967 |   2896 |     71 |      0 |   1946 |   5 |  593.4 |
       Ossuary |     73 |     73 |      0 |      0 |     35 |   1 |   73.0 |
               +--------+--------+--------+--------+--------+-----+--------+

Top non-repeatable levels by time:
     D:2: 951 daAuts
     D:3: 796 daAuts
     D:1: 777 daAuts
     D:4: 234 daAuts
     D:5: 207 daAuts
 Ossuary: 73 daAuts
